 Dungeon Crawl Stone Soup version 0.24-a0-652-g46ecf6da75 (webtiles) character file.

Game seed: 12391931582655936429, levelgen mode: deterministic

25 Peloso the Skirmisher (level 2, -4/27 HPs)
             Began as a Minotaur Fighter on Sept 26, 2019.
             Slain by Sigmund
             ... wielding a +0 scythe
              (9 damage)
             ... on level 2 of the Dungeon.
             The game lasted 00:02:56 (764 turns).

Peloso the Skirmisher (Minotaur Fighter)             Turns: 764, Time: 00:02:56

Health: -4/27      AC: 10    Str: 20    XL:     2   Next: 86%
Magic:  1/1        EV:  5    Int:  5    God:
Gold:   49         SH:  0    Dex:  9    Spells: 1/1 levels left

rFire    x . .     SeeInvis .   a - +0 long sword
rCold    + . .     Gourm    .   c - +0 shield
rNeg     . . .     Faith    .   b - +0 chain mail
rPois    .         Spirit   .   (helmet restricted)
rElec    .         Reflect  .   k - +0 cloak
rCorr    .         Harm     .   (no gloves)
MR       .....                  (no boots)
Stlth    ..........             (no amulet)
HPRegen  0.09/turn              h - ring of ice
MPRegen  0.07/turn              (no ring)

@: confused
A: retaliatory headbutt, horns 2
a: no special abilities


You were on level 2 of the Dungeon.
You were not hungry.

You visited 1 branch of the dungeon, and saw 2 of its levels.

You collected 49 gold pieces.

Inventory:

Hand Weapons
 a - a +0 long sword (weapon)
Armour
 b - a +0 chain mail (worn)
 c - a +0 shield (worn)
 k - a +0 cloak (worn)
Jewellery
 h - a ring of ice (left hand)
Scrolls
 e - a scroll of remove curse {unknown}
 g - a scroll of magic mapping {unknown}
 i - a scroll of identify {unknown}
Potions
 d - a potion of might
 j - a potion of heal wounds {unknown}
Comestibles
 f - 7 rations


   Skills:
 + Level 4.0 Fighting
 + Level 2.8 Long Blades
 + Level 4.0 Armour
 + Level 4.0 Shields


You had one spell level left.
You didn't know any spells.
Your spell library was empty.

Dungeon Overview and Level Annotations

Branches:
Dungeon (2/15)

Altars:

Annotations:
D:2 Sigmund


Innate Abilities, Weirdness & Mutations

You reflexively headbutt those who attack you in melee.
You have a pair of horns on your head.


Message History

The hobgoblin is heavily wounded.
The hobgoblin hits you.
Sigmund says, "You will soon forget everything."
Sigmund barely misses you.
You miss the hobgoblin.
The hobgoblin is heavily wounded.
The hobgoblin hits you but does no damage.
Sigmund casts a spell at you. You resist with significant effort.
You miss Sigmund. Your headbutt misses Sigmund.
Sigmund is severely wounded.
The hobgoblin hits you.
* * * LOW HITPOINT WARNING * * *
Sigmund hits you with a +0 scythe.
* * * LOW HITPOINT WARNING * * *
You bump into the rock wall.
The hobgoblin closely misses you.
Unknown command.
You bump into the rock wall.
The hobgoblin barely misses you. Sigmund hits you with a +0 scythe!
You die...

#.##..<# #.##...#
#.##.[.# #.##...#
###.##...#
#....(....)
#....#...##
##@###....# #.@#
....# #g.# ......
................##
>.g...#..#.#...##
#######..#.# #
#..# # #... ....
####.


You could see Sigmund and a hobgoblin.

Vanquished Creatures
  An ooze (D:1)
  2 dart slugs
  A ball python (D:1)
  4 goblins
  3 hobgoblins
  2 frilled lizards (D:1)
  3 kobolds (D:1)
16 creatures vanquished.

Notes
Turn   | Place    | Note
-------+----------+-------------------------------------------
     0 | D:1      | Peloso the Minotaur Fighter began the quest for the Orb.
     0 | D:1      | Reached XP level 1. HP: 19/19 MP: 0/0
   229 | D:1      | Reached XP level 2. HP: 22/27 MP: 1/1
   739 | D:2      | Noticed Sigmund
   764 | D:2      | Slain by Sigmund

Levels and vault maps discovered:
D:1:      dpeg_arrival_arbitrary_c, layout_loops_ring
D:2:      layout_loops_ring, first_ration, minmay_misc_feat_rows, uniq_sigmund,
          uniq_natasha

Skill      XL: |  1  2 |
---------------+-------+-----
Fighting       | 4 |  4.0
Shields        | 4 |  4.0
Armour         | 4 |  4.0
Long Blades    | |  2.8

Action                   || total
-------------------------++-------
Melee: Long sword        ||    63
       Headbutt          ||    11
  Use: Potion            ||     2
Armor: Chain mail        ||    32
Dodge: Dodged            ||    14
Block: Shield            ||    21

Table legend:
 A = Non-vault XP
 B = Vault XP
 C = Vault XP percentage of total XP
 D = Non-vault monster count
 E = Vault monster count
 F = Vault count percentage of total count
                 A         B        C        D         E       F
            +---------+---------+-------+---------+---------+-------
      Total |      37 |       0 |   0.0 |      16 |       0 |   0.0
            +---------+---------+-------+---------+---------+-------
        D:1 |      29 |       0 |   0.0 |      13 |       0 |   0.0
        D:2 |       8 |       0 |   0.0 |       3 |       0 |   0.0
            +---------+---------+-------+---------+---------+-------
